Cogmind - Beta 13 @@@ ROGUE MODE // 2024.04.13 @ 21:24:06 Player: Egg2239 Result: Destroyed by K2-Y50(R) with Subdweller Beam Cannon Performance ------------- Evolutions (0) 0 Regions Visited (2) 400 Robots Destroyed (20) 100 Value Destroyed (436) 436 Prototype IDs (0) 0 Alien Tech Used (0) 0 Bonus (0) 0 TOTAL SCORE: 936 Bonus ------- None Cogmind --------- Core Integrity 0/250 Matter 256/300 Energy 250/250 System Corruption 0% Temperature Cool (9) Movement Walking (190) Ox1 Location -10/Subcaves Parts ------- > --- POWER (1) -------- Ion Engine > --- PROPULSION (2) --- Aluminum Leg Aluminum Leg > --- UTILITY (2) ------ Large Storage Unit Signal Interpreter > --- WEAPON (2) ------- Autogun Autogun > --- INVENTORY (15) --- Light Ion Engine Aluminum Leg Large Battery (200) Large Battery (200) Scrap Shield Peak State ------------ > --- POWER ------------ Ion Engine > --- PROPULSION ------- Aluminum Leg Aluminum Leg > --- UTILITY ---------- Large Storage Unit Visual Processing Unit > --- WEAPON ----------- Autogun Autogun > --- INVENTORY -------- Light Ion Engine Aluminum Leg Large Battery Large Battery [Rating: 10] Favorites ----------- Power Ion Engine Engine Ion Engine Propulsion Aluminum Leg Leg Aluminum Leg Utility Large Storage Unit Storage Large Storage Unit Processor Signal Interpreter Weapon Autogun Ballistic Gun Autogun Launcher Grenade Launcher Build | -11 -10 -10 ------- Run | Yrd Mat Sub Slots Evolved . | . . . Power . | . . . Propulsion . | . . . Utility . | . . . Weapon . | . . . Parts Attached 24 | 5 19 . Power 5 | 1 4 . Engine 5 | 1 4 . Core . | . . . Reactor . | . . . Propulsion 6 | 2 4 . Treads . | . . . Leg 6 | 2 4 . Wheel . | . . . Hover . | . . . Flight . | . . . Utility 7 | . 7 . Device . | . . . Storage 5 | . 5 . Processor 2 | . 2 . Hackware . | . . . Protection . | . . . Artifact . | . . . Weapon 6 | 2 4 . Energy Gun . | . . . Energy Cannon . | . . . Ballistic Gun 5 | 2 3 . Ballistic Cannon . | . . . Launcher 1 | . 1 . Special Weapon . | . . . Impact Weapon . | . . . Slashing Weapon . | . . . Piercing Weapon . | . . . Special Melee Weapon . | . . . Unidentified Prototypes . | . . . Parts Lost 2 | . 2 . Power 1 | . 1 . Propulsion 1 | . 1 . Utility . | . . . Weapon . | . . . Highest Loss Streak 1 | . 1 . To Critical Strikes . | . . . Average Slot Usage (%) 89 | . 88 100 Engine 14 | . 14 14 Leg 26 | . 26 28 Storage 12 | . 12 14 Processor 6 | . 6 14 Ballistic Gun 27 | . 27 28 Naked Turns . | . . . Heaviest Build 45 | 5 45 31 Greatest Support 20 | 20 20 20 Greatest Overweight (x) 3 | . 3 1 Average Overweight (x) . | . . 1 Largest Inventory Capacity 15 | 5 15 15 Average Capacity 11 | 5 11 15 Most Carried 6 | 4 5 6 Average Carried 3 | 1 4 5 Final Capacity 15 | 5 15 15 Final Carried 6 | 4 4 6 Class Distribution -------------------- 93% | Mutant 6% | Scavenger-Mutant Dominant Class ---------------- Mutant | -10/Materials Mutant | -10/Subcaves Resources | -11 -10 -10 ----------- Run | Yrd Mat Sub Matter Collected 588 | 250 283 55 Remotely . | . . . Salvage Created 424 | 30 359 35 Parts 34 | 2 27 5 Haulers Intercepted 1 | . 1 . Recyclers Shooed 1 | . 1 . Parts Field Recycled . | . . . Retrieved Matter . | . . . Parts Self-Destructed 12 | . . 12 Prevented . | . . . Kills | -11 -10 -10 ------- Run | Yrd Mat Sub Combat Hostiles Destroyed 15 | 1 12 2 Guns 14 | 1 11 2 AOE 1 | . 1 . Classes Destroyed 6 | 1 5 . Builder 2 | . 2 . Tunneler 1 | . 1 . Hauler 1 | . 1 . Watcher 1 | . 1 . Swarmer 8 | . 6 2 Grunt 7 | 1 6 . Best Kill Streak 4 | 1 4 2 Combat Bots Only 4 | 1 4 2 Max Kills in Single Turn 2 | 1 2 1 Gunslinging . | . . . Exploded 1 | . 1 . Melee . | . . . Uniques/NPCs Destroyed . | . . . Combat | -11 -10 -10 -------- Run | Yrd Mat Sub Hostile Shots Fired 154 | 4 114 36 Missed 55 | 1 38 16 Damage Taken 1002 | 33 794 175 Core 251 | . 195 56 Absorbed by Shields . | . . . Core Remaining (%) 100 | 100 . . Volleys Fired 66 | 3 59 4 Largest 2 | 2 2 2 Hottest 50 | 40 50 46 Shots Fired 109 | 6 95 8 Gun 108 | 6 94 8 Cannon . | . . . Launcher 1 | . 1 . Special . | . . . Kinetic 108 | 6 94 8 Thermal . | . . . Explosive 1 | . 1 . Electromagnetic . | . . . Robot Hit Streak 8 | 6 8 3 Robot Miss Streak 7 | . 7 2 Penetration Max . | . . . Secondary Targets 2 | . 1 1 Max Gunslinging Chain 1 | . 1 1 Shots Hit Robots 58 | 6 48 4 Core Hits 31 | 2 27 2 Critical Kills 1 | . 1 . Critical Parts Destroyed 1 | . 1 . Critical Strikes 2 | . 2 . Destroy 2 | . 2 . Melee Attacks . | . . . Impact . | . . . Slashing . | . . . Piercing . | . . . Sneak Attacks . | . . . Combat Hostiles . | . . . Follow-up Attacks . | . . . Damage Inflicted 1018 | 47 914 57 Guns 599 | 47 495 57 Cannons . | . . . Explosions 419 | . 419 . Melee . | . . . Ramming . | . . . Kinetic 599 | 47 495 57 Thermal 311 | . 311 . Explosive 108 | . 108 . Electromagnetic . | . . . Impact . | . . . Slashing . | . . . Piercing . | . . . Highest Corruption . | . . . Average Corruption . | . . . Corruption Purged . | . . . Corruption Blocked . | . . . Overload Shots . | . . . Overflow Damage 123 | . 123 . Projectiles . | . . . Explosions 123 | . 123 . Melee . | . . . Knockbacks . | . . . Impact . | . . . Kinetic . | . . . Secondary . | . . . Self-Inflicted Damage 35 | . 35 . Shots 1 | . 1 . Rammed . | . . . Targets Rammed . | . . . Kicked . | . . . Crushed . | . . . Highest Temperature 25 | 12 25 . Average Temperature 8 | 9 8 . Received Heat Transfer 282 | 18 255 9 Siege Activations . | . . . Robots Corrupted . | . . . Combat Hostiles . | . . . Parts Fried . | . . . Impact Corruptions . | . . . Robots Melted . | . . . Combat Hostiles . | . . . Parts Melted 1 | . 1 . Heat Transferred 200 | . 200 . Parts Sabotaged . | . . . Parts Stolen . | . . . Parts Stripped . | . . . Power Chain Reactions . | . . . Alert | -11 -10 -10 ------- Run | Yrd Mat Sub Peak Influence 231 | 20 231 . Initial 13 | . 13 . Average 132 | 1 147 . Maximum Alert Level 1 | . 1 . Low Security (%) 81 | 100 78 . Level 1 18 | . 21 . Level 2 . | . . . Level 3 . | . . . Level 4 . | . . . Level 5 . | . . . High Security . | . . . Max Security . | . . . Squads Dispatched 2 | . 2 . Investigation . | . . . Extermination . | . . . Reinforcement 2 | . 2 . Assault . | . . . Garrison . | . . . Intercept . | . . . Searches Triggered . | . . . Construction Impeded . | . . . Haulers Reinforced . | . . . Active Scanning Responses . | . . . Cargo Convoy Interrupts . | . . . Stealth | -11 -10 -10 --------- Run | Yrd Mat Sub Distress Signals 1 | . 1 . Communications Jammed . | . . . Distress Signals . | . . . Times Spotted 35 | 1 22 12 Peak Tracking Total 8 | 1 6 8 Tactical Retreats 1 | . . 1 Traps | -11 -10 -10 ------- Run | Yrd Mat Sub Traps Triggered . | . . . Indirectly . | . . . Trap Hack Attempts . | . . . Triggered . | . . . Disarmed . | . . . Reprogrammed . | . . . Reused . | . . . Traps Extracted . | . . . Installed . | . . . Triggered . | . . . Machines | -11 -10 -10 ---------- Run | Yrd Mat Sub Machines Disabled 7 | . 7 . Max in Single Turn 6 | . 6 . Machines Repaired . | . . . Machines Dismantled . | . . . Machines Sabotaged . | . . . Overloaded Fab Kills . | . . . Hacking | -11 -10 -10 --------- Run | Yrd Mat Sub Machines Accessed 2 | . 2 . Terminals 1 | . 1 . Fabricators . | . . . Repair Stations . | . . . Recycling Units 1 | . 1 . Scanalyzers . | . . . Garrison Access . | . . . Total Hacks 8 | . 8 . Successful 6 | . 6 . Failed 2 | . 2 . Catastrophic . | . . . Database Lockouts . | . . . Manual . | . . . Terminals 7 | . 7 . Fabricators . | . . . Repair Stations . | . . . Recycling Units 1 | . 1 . Scanalyzers . | . . . Garrison Access . | . . . Terminal Hacks 6 | . 6 . Record 4 | . 4 . Transport Status 1 | . 1 . Hauler Manifests 1 | . 1 . Fabricator Hacks . | . . . Repair Station Hacks . | . . . Recycling Unit Hacks . | . . . Scanalyzer . | . . . Garrison Access Hacks . | . . . Unauthorized Hacks . | . . . Terminals . | . . . Fabricators . | . . . Repair Stations . | . . . Recycling Units . | . . . Scanalyzers . | . . . Garrison Access . | . . . Data Cores Recovered . | . . . Used . | . . . Hacking Detections 1 | . 1 . Full Trace Events . | . . . Feedback Events . | . . . Feedback Blocked . | . . . Robot Schematics Acquired . | . . . Robots Built . | . . . Authchips . | . . . Time . | . . . Total Robot Build Rating . | . . . Part Schematics Acquired . | . . . Parts Built . | . . . Authchips . | . . . Time . | . . . Total Part Build Rating . | . . . Parts Repaired . | . . . Time . | . . . Parts Recycled . | . . . Recycled Matter . | . . . Retrieved Matter . | . . . Retrieved Components . | . . . Parts Scanalyzed . | . . . Part Schematics Acquired . | . . . Parts Damaged . | . . . Bothacking | -11 -10 -10 ------------ Run | Yrd Mat Sub Used RIF Installer . | . . . Robots Hacked . | . . . Non-combat . | . . . Combat . | . . . Robot Hacks Applied . | . . . Relay Couplers Released . | . . . Fabnet Peak Effective % . | . . . Robots Rewired . | . . . Allies Hacked . | . . . Hacks Repelled . | . . . Allies | -11 -10 -10 -------- Run | Yrd Mat Sub Total Allies . | . . . Largest Group . | . . . Highest-Rated Group . | . . . Highest-Rated Ally . | . . . Total Orders . | . . . Ally Attacks . | . . . Total Damage . | . . . Kills . | . . . Allies Corrupted . | . . . Allies Melted . | . . . Intel | -11 -10 -10 ------- Run | Yrd Mat Sub Robot Analysis Total . | . . . Derelict Logs Recovered . | . . . Drone Launches . | . . . Drone Recoveries . | . . . Exploration | -11 -10 -10 ------------- Run | Yrd Mat Sub Turns Passed 1353 | 126 1088 139 Spaces Moved 666 | 79 521 66 Core 26 | 26 . . Treads . | . . . Legs 640 | 53 521 66 Wheels . | . . . Hover . | . . . Flight . | . . . Fastest Speed 50 | 50 120 190 Average Speed 164 | 96 171 190 Slowest Speed 330 | 120 330 190 Overloaded Moves . | . . . Propulsion Burnouts . | . . . Robots Hopped . | . . . Cave-ins Triggered . | . . . Exploration Rate (%) 22 | 5 55 7 Regions Visited 2 Branch Regions 1 Pre-discovered Areas . | . . . Known Exits Taken 1 | . 1 . Unknown Exits Taken 1 | 1 . . Scrap Searched . | . . . Spaces Dug . | . . . Terrain Destroyed 37 | . 37 . Melee . | . . . Projectile . | . . . AOE 37 | . 37 . Terrain Rammed . | . . . Walls Destroyed . | . . . Machines Disabled . | . . . Actions | -11 -10 -10 --------- Run | Yrd Mat Sub Total 839 | 123 643 73 Wait 42 | 28 12 2 Move 664 | 78 520 66 Hop . | . . . Pick Up 28 | 9 18 1 Fast Attach . | . . . Attach 14 | 5 9 . Detach 2 | . 2 . Swap 10 | . 10 . Drop 13 | . 13 . Fire 66 | 3 59 4 Melee . | . . . Ram . | . . . Kick . | . . . Crush . | . . . Escape Stasis . | . . . Rewire . | . . . Trap . | . . . Miscellaneous . | . . . Route ------- -11/Scrapyard -10/Materials (discovered 4 exits: *Mat / *Min x2 / *Sub) -10/Subcaves History --------- Turn | Location | Event 2 | -11/Scrapyard | Met Revision 17 104 | -11/Scrapyard | Discovered new exit (range 8) 127 | -11/Scrapyard | Entered Materials 314 | -10/Materials | Build established: Mutant 418 | -10/Materials | Discovered new exit (range 7) 471 | -10/Materials | Core integrity fell below 50% 611 | -10/Materials | Discovered new exit (range 9) 623 | -10/Materials | Discovered new exit (range 10) 918 | -10/Materials | Discovered new exit (range 12) 937 | -10/Materials | Identified exit to Subcaves 1002 | -10/Materials | Identified exit to Mines 1100 | -10/Materials | Identified exit to Materials 1215 | -10/Materials | Entered Subcaves 1321 | -10/Subcaves | Core integrity fell below 20% 1329 | -10/Subcaves | Ambushed by swarm of Subdwellers 1334 | -10/Subcaves | Ambushed by Subdwellers from Twisted Machinery 1354 | -10/Subcaves | Destroyed by K2-Y50(R) with Subdweller Beam Cannon Last Messages --------------- 01326_ S-10 Pest destroyed. A mess of Twisted Machinery falls from the cavern ceiling. 01329_ ZF-047(h): "The Subs are coming!" 01329_ S-10 Pest destroyed. 01329_ Switching to secondary target: K2-Y50(R). 01329_ HV Slug penetrates Wall. 01331_ 2C-PAQ(R) emerges from the Twisted Machinery. 01331_ OO-510(R) emerges from the Twisted Machinery. 01332_ TI-KBM(R) emerges from the Twisted Machinery. 01332_ 2C-PAQ(R) destroyed. 01334_ BI-384(R) angrily emerges from the Twisted Machinery. 01335_ Flight Unit fries itself beyond repair. 01336_ Lgt. Assault Rifle fries itself beyond repair. 01336_ S-10 Pest destroyed. 01337_ Lgt. Ion Engine fries itself beyond repair. 01339_ HV Slug penetrates Wall. 01339_ OO-510(R) suffers critical hit (Destroy). 01339_ OO-510(R) destroyed. 01351_ MB-JQI(g) destroyed. [Achievement: First Step to Greatness] Map ----- +----------------------------------------------------+ | ???????????????# ????????# #?????????????? | | ???????????????# #???????## #?????????????? | | ???????????????# ####???## ##?????????????? | | ???????????????# ###?# ##??????????????? | | ?????????????????# ### #???????????????? | | ??????????????????# #???????????????? | | ????????????????### ##??????????????? | | ??????????????### ### ""### ??????????? | | ??????????????# #####?#%" ??????????? | | ??????????????# ##??###[=&% %= ??????????? | | ??????????????## ####"" * ! ?????????? | | ???????????????### !!% !%## ???????? | | ????????????"????## =%[RRR #??? ??????? | | ????????????#$????# "#???? "???????? | | ?????????????$???## ##??????#???????? | | ?????????????? ??# ##???????????????? | | ?????????????## ## ##???????????????? | | ?????????????# # #???????????????? | | ?????????????# #??????????????? | | ?????????????# # #??????????????? | | ?????????????#$#"< # ######??????????????? | | ????????????#" ###< # #???????????????????? | | ????????????# ???# # ##??????????????????? | | ????????????#????## # ####???????????????? | | ??????????????????# #???????????????? | | ??????????????????## @ #??????????????? | | ???????????????????# ## #??????????????? | | ???????????????????# ##? #??????????????? | | ???????????????????# ##??? ??????????????? | | ???????????????????# #????? ????????????????? | | ???????????????????## #??????????????????????? | | ????????????????????###??????????????????????? | | ?????????????????????????????????????????????? | | ?????????????????????????????????????????????? | | ?????????????????????????????????????????????? | | ?????????????????????????????????????????????? | | ?????????????????????????????????????????????? | | ?????????????????????????????????????????????? | | ?????????????????????????????????????????????? | | ?????????????????????????????????????????????? | | ?????????????????????????????????????????????? | | ?????????????????????????????????????????????? | | ?????????????????????????????????????????????? | | ?????????????????????????????????????????????? | | ?????????????????????????????????????????????? | | ?????????????????????????????????????????????? | | | | | | | | | +----------------------------------------------------+ Best States ------------- Heat Dissipation 25 Energy Generation 10 Energy Capacity 525 Matter Stores 300 Matter Capacity 300 Sight Range 18 Terrain Scan Density 10 Evasion (%) 55 Item Schematics ----------------- None Robot Schematics ------------------ None Fabricated ------------ Nothing Alien Tech Used ----------------- None Achievements -------------- First Step to Greatness Loot Pinata Shopping List Storm Trooper Uninvited Guest Challenges ------------ None Game ------ Seed AssaultHelicalProtection Manual? 0 Play Time 00:35:06 Cumulative 0.5 hours Start 2024.04.13 @ 20:35:20 End 2024.04.13 @ 21:24:06 Sessions 2 Manual Loads 0 Difficulty Rogue Special Mode None Game No. 1 Rogue 1 Adventurer 0 Explorer 0 Win Type - Total 0 Types 0/0/0/0/0/0/0/0/0 Lore% 0 Gallery% 1 Achievement% 1 Wizard Run 0 Options --------- Layout 0 ASCII 0 Keyboard 0 Movement Numpad Keybinds 0 Fullscreen 1 Font 36/Smallcaps Map View 76x50 Zoom Use 0% Tactical HUD 1 Map Filters NONE Filters NONE Steam 1 RUN: 4180df3c-ab6b-430a-9544-3a585d11ac8f